 Dungeon Crawl Stone Soup version 0.29.1-13-g9f3cf754e1 (webtiles) character file.

Game seed: 10747263840414462365

72 leafyfresh the Gusty (level 4, -1/24 HPs)
             Began as a Tengu Air Elementalist on Feb 2, 2023.
             Slain by an orc wizard
             ... wielding a +0 dagger
              (2 damage)
             ... on level 3 of the Dungeon.
             The game lasted 00:04:41 (3263 turns).

leafyfresh the Gusty (Tengu Air Elementalist)       Turns: 3263, Time: 00:04:42

Health: -1/24      AC:  2    Str:  8    XL:     4   Next: 26%
Magic:  7/9        EV: 12    Int: 23    God:
Gold:   123        SH:  0    Dex: 15    Spells: 2/8 levels left

rFire   . . .      SeeInvis .   c - +0 dagger
rCold   . . .      Faith    .   (no shield)
rNeg    . . .      Spirit   .   a - +0 robe
rPois   .          Reflect  .   (helmet restricted)
rElec   .          Harm     .   (no cloak)
rCorr   .          Rampage  .   (no gloves)
Will    .....                   (boots unavailable)
Stlth   ++........              (no amulet)
HPRegen 0.08/turn               e - +6 ring of intelligence
MPRegen 0.11/turn               (no ring)

@: no status effects
A: beak, talons 3
a: no special abilities


You were on level 3 of the Dungeon.
You visited 1 branch of the dungeon, and saw 3 of its levels.

You collected 123 gold pieces.

Inventory:

Hand Weapons
 c - a +0 dagger (weapon)
Armour
 a - a +0 robe (worn)
Jewellery
 e - a +6 ring of intelligence (left hand)
Scrolls
 d - a scroll of fear {unknown}
 f - a scroll of enchant weapon {unknown}
 i - a scroll of brand weapon {unknown}
 l - a scroll of butterflies {unknown}
 m - a scroll of torment {unknown}
 n - a scroll of acquirement {unknown}
Potions
 b - a potion of magic
 g - a potion of brilliance {unknown}
 h - a potion of curing {unknown}
 j - a potion of resistance {unknown}
 k - a potion of berserk rage {unknown}


   Skills:
 - Level 2.1 Dodging
 - Level 2.0 Stealth
 - Level 2.8 Spellcasting
 - Level 3.2 Conjurations
 + Level 0.0 Necromancy
 - Level 5.0 Air Magic


You had 2 spell levels left.
You knew the following spells:

 Your Spells              Type           Power      Damage    Failure   Level
a - Shock                 Conj/Air       88%        1d8       2%          1
b - Static Discharge      Conj/Air       22%        3-6/arc   3%          2
c - Vampiric Draining     Necr           3%         2d6       34%         3

Your spell library contained the following spells:

 Spells                   Type           Power      Damage    Failure   Level
 Necrotise                Necr           12%        1d4       12%         1
 Swiftness                Air            26%        N/A       4%          3
 Airstrike                Air            13%        2d(2-18)  14%         4
 Agony                    Necr           3%         N/A       97%         5


Dungeon Overview and Level Annotations

Branches:
Dungeon (3/15)

Altars:


Innate Abilities, Weirdness & Mutations

You have a beak for a mouth.
You have claws for feet.


Message History

You start memorising the spell.
You continue memorising. x3
You finish memorising.
Spell assigned to 'c'.
Okay, then.
Done exploring.
No target in view!
No target in view!
No target in view!
Done exploring.
Done exploring.
You climb downwards.
Found a scroll labelled WICSORIECH.
There is a stone staircase leading up here.
There are monsters nearby!
The orc wizard shouts!
The orc shouts!
The orc closely misses you.
There are monsters nearby!
You completely miss the orc wizard. Your kick misses the orc wizard.
The orc hits you with a +0 club.
The orc wizard hits you with a +0 dagger.
An endoplasm comes into view.
Casting: Static Discharge (safe; 3% risk of failure)
Confirm with . or Enter, or press ? or * to list all spells.
The orc is struck by an arc of lightning.
The orc is severely wounded.
You are struck by an arc of lightning.
The orc wizard is struck by an arc of lightning.
The orc wizard is heavily wounded.
The lightning grounds out.
The orc wizard is struck by an arc of lightning.
The orc wizard is severely wounded.
The orc wizard is struck by an arc of lightning!
The orc wizard is severely wounded.
The lightning grounds out.
The orc wizard points at you and mumbles some strange words.
The magic dart hits you!
* * * LOW HITPOINT WARNING * * *
The orc hits you with a +0 club.
* * * LOW HITPOINT WARNING * * *
The orc wizard hits you with a +0 dagger.
You die...

....# ....#
. .... J.
... #..##
.. ......
.#
...#..##.#
.......<.#
...#.#.@.#
#ooo..#
#........#
#.........
..........
...........
##....?....
..........


You could see 2 orc wizards, an orc and an endoplasm.

Vanquished Creatures
  2 adders (D:2)
  A dart slug (D:1)
  4 ball pythons
  3 bats
  6 endoplasms
  4 giant cockroaches
  4 goblins
  6 hobgoblins
  2 quokkas
  2 frilled lizards (D:1)
  6 kobolds (D:1)
  6 rats (D:1)
46 creatures vanquished.

Vanquished Creatures (others)
  2 plants (D:1)
2 creatures vanquished.

Grand Total: 48 creatures vanquished

Notes
Turn   | Place    | Note
-------+----------+-------------------------------------------
     0 | D:1      | leafyfresh the Tengu Air Elementalist began the quest for
                  | the Orb.
     0 | D:1      | Reached XP level 1. HP: 10/10 MP: 4/4
   367 | D:1      | Reached XP level 2. HP: 6/15 MP: 4/6
   656 | D:1      | Found a faded altar of an unknown god.
  1039 | D:1      | Reached XP level 3. HP: 13/19 MP: 0/7
  1042 | D:1      | Learned a level 2 spell: Static Discharge
  2405 | D:2      | Reached XP level 4. HP: 13/24 MP: 5/9
  3113 | D:2      | Reached skill level 5 in Air Magic
  3259 | D:2      | Learned a level 3 spell: Vampiric Draining
  3263 | D:3      | HP: 1/24 [orc/+0 club (4)]
  3263 | D:3      | Slain by an orc wizard

Illustrated notes

Levels and vault maps discovered:
D:1:      lemuel_arrival_lava_pool, layout_loops_cross,
          chequers_ecumenical_altar_lobes, nrook_mini_vaults
D:2:      layout_loops_ring
D:3:      layout_rooms, uniq_sigmund, uniq_jessica

Skill      XL: |  1  2  3  4 |
---------------+-------------+-----
Conjurations   | 2 3 |  3.2
Air Magic      | 5 |  5.0
Dodging        | |  2.1
Stealth        | |  2.0
Spellcasting   | |  2.8

Action                   |  1- 3 |  4- 6 || total
-------------------------+-------+-------++-------
Melee: Unarmed           |     8 |       ||     8
       Dagger            |    67 |     8 ||    75
       Peck              |    13 |     1 ||    14
       Kick              |    12 |     2 ||    14
 Cast: Shock             |    26 |       ||    26
       Static Discharge  |     3 |     2 ||     5
 Stab: Sleeping          |     7 |     3 ||    10
Armor: Robe              |    10 |     2 ||    12
Dodge: Dodged            |    43 |     4 ||    47
